 Dungeon Crawl Stone Soup version 0.22-a0-880-gb7b0c8b (webtiles) character file.

1652 jjfam the Fighter (level 8, 0/78 HPs)
             Began as a Minotaur Berserker on July 30, 2018.
             Was an Elder of Trog.
             Succumbed to a hornet's poison
             ... on level 6 of the Dungeon.
             The game lasted 00:13:41 (5797 turns).

jjfam the Fighter (Minotaur Berserker)              Turns: 5797, Time: 00:13:41

Health: 0/78       AC:  9    Str: 23    XL:     8   Next: 68%
Magic:  7/7        EV:  9    Int:  4    God:    Trog [****..]
Gold:   246        SH: 10    Dex: 11    Spells: 7/7 levels left

rFire    + . .     SeeInvis .   a - +0 hand axe
rCold    . . .     Gourm    .   t - +0 shield
rNeg     . . .     Faith    .   G - +2 ring mail {rF+}
rPois    .         Spirit   .   (helmet restricted)
rElec    .         Reflect  .   o - scarf {repulsion}
rCorr    +         Harm     .   A - +0 pair of gloves
MR       .....                  (no boots)
Stlth    +.........             (no amulet)
HPRegen  0.23/turn              g - ring of resist corrosion
MPRegen  0.10/turn              (no ring)

@: lethally poisoned (0 -> -6), berserk cooldown, slowed, repel missiles, very
slow
A: retaliatory headbutt, horns 2
a: Berserk, Trog's Hand, Brothers in Arms, Renounce Religion


You were on level 6 of the Dungeon.
You worshipped Trog.
Trog was greatly pleased with you.
You were near starving.

You visited 1 branch of the dungeon, and saw 6 of its levels.
You also visited: Ossuary.

You collected 246 gold pieces.

Inventory:

Hand Weapons
 a - a +0 hand axe (weapon)
Armour
 o - a scarf of repulsion (worn)
 t - a +0 shield (worn)
 A - a +0 pair of gloves (worn)
 F - a +0 chain mail
 G - a +2 ring mail of fire resistance (worn)
Jewellery
 g - a ring of resist corrosion (left hand)
 z - a cursed ring of protection from cold {unknown}
 E - an uncursed ring of wizardry {unknown}
Wands
 l - a wand of paralysis (11)
 D - a wand of flame (13)
Scrolls
 e - 4 scrolls of remove curse
 k - a scroll of amnesia {unknown}
 m - 7 scrolls of identify {unknown}
 n - a scroll of fear {unknown}
 p - 3 scrolls of random uselessness {unknown}
 q - 2 scrolls of enchant weapon {unknown}
 r - 4 scrolls of teleportation {unknown}
 v - a scroll of vulnerability {unknown}
 y - 2 scrolls of magic mapping
 C - a scroll of noise {unknown}
Potions
 b - 2 potions of agility {unknown}
 d - 4 potions of curing {unknown}
 f - 3 potions of haste {unknown}
 h - 2 potions of flight {unknown}
 i - a potion of lignification {unknown}
 j - 3 potions of degeneration {unknown}
 s - 2 potions of resistance {unknown}
 u - a potion of invisibility {unknown}
 w - a potion of cancellation {unknown}
 x - a potion of heal wounds {unknown}
 B - a potion of brilliance {unknown}
Comestibles
 c - 10 rations


   Skills:
 * Level 9.5 Fighting
 + Level 7.2 Axes
 + Level 6.5 Armour
 - Level 2.2 Dodging
 + Level 4.2 Shields


You had 7 spell levels left.
You didn't know any spells.
Your spell library was empty.

Dungeon Overview and Level Annotations

Branches:
Dungeon (6/15)             Temple (0/1) D:4

Altars:
Dithmenos
Nemelex Xobeh
Sif Muna
Uskayaw
Xom
Yredelemnul
Zin

Shops:
D:4 ?


Innate Abilities, Weirdness & Mutations

You reflexively headbutt those who attack you in melee.
You have a pair of horns on your head.


Message History

Your Shields skill increases to level 4!
There is a lethal amount of poison in your body!
There is a lethal amount of poison in your body!
There is a lethal amount of poison in your body!
There is a lethal amount of poison in your body!
There is a lethal amount of poison in your body!
You are too berserk!
* * * LOW HITPOINT WARNING * * *
You feel sick.
You feel a strong urge to attack something.
* * * LOW HITPOINT WARNING * * *
You feel sick.
You are no longer berserk.
You are exhausted.
You feel as though you will be slow longer.
* * * LOW HITPOINT WARNING * * *
You feel sick.
* * * LOW HITPOINT WARNING * * *
You feel sick.
You die...

.## #.. ... ##..
#..# ##..#####.
####..#......
##....@....... ..
##.............
...##..............
...#...............
...................
...................
...................
...................
..................(


There were no monsters in sight!

Vanquished Creatures
  The ghost of lurker the Firebug, an amateur OgFE (D:3)
  A hornet (D:6)
  2 ogres (D:5)
  A centaur (D:5)
  The ghost of Leszczynek the Cutter, an amateur DEMo (D:5)
  Blork the orc (D:4)
  A scorpion (D:2)
  A crimson imp (D:5)
  4 orc wizards
  2 orc priests
  3 worker ants
  13 mummies
  3 gnolls (D:3)
  10 adders
  A shadow imp (D:3)
  An ooze (D:2)
  3 worms
  A dart slug (D:3)
  8 orcs
  9 giant cockroaches
  2 gnoll zombies (D:3)
  13 goblins
  6 hobgoblins
  8 jackals
  15 kobolds
  A quokka (D:3)
  A ball python (D:1)
  9 bats
  4 frilled lizards
  2 gnoll skeletons (Ossuary)
  3 goblin skeletons (Ossuary)
  A jackal zombie (D:5)
  2 kobold skeletons (Ossuary)
  An orc skeleton (Ossuary)
  8 rats
  11 rat skeletons (Ossuary)
154 creatures vanquished.

Vanquished Creatures (collateral kills)
  An ice beast (D:5)
  A shadow imp (D:5)
  2 orcs (D:5)
4 creatures vanquished.

Grand Total: 158 creatures vanquished

Notes
Turn   | Place    | Note
-------+----------+-------------------------------------------
     0 | D:1      | jjfam the Minotaur Berserker began the quest for the Orb.
     0 | D:1      | Reached XP level 1. HP: 19/19 MP: 0/0
   163 | D:1      | Reached skill level 4 in Fighting
   163 | D:1      | Reached XP level 2. HP: 21/27 MP: 1/1
  1329 | D:2      | Reached XP level 3. HP: 23/34 MP: 2/2
  1649 | D:2      | Reached ** piety under Trog
  1722 | D:2      | Noticed a scorpion
  1727 | D:2      | Killed a scorpion
  1727 | D:2      | Reached skill level 5 in Fighting
  1727 | D:2      | Reached XP level 4. HP: 32/42 MP: 3/3
  2561 | D:3      | Reached XP level 5. HP: 48/48 MP: 4/4
  2621 | D:3      | Found a runed door.
  2646 | D:3      | Noticed lurker's ghost (amateur OgFE)
  2661 | D:3      | Killed lurker's ghost
  2661 | D:3      | Reached skill level 6 in Fighting
  2661 | D:3      | Reached skill level 5 in Axes
  2661 | D:3      | Reached XP level 6. HP: 58/58 MP: 5/5
  2686 | D:3      | Reached skill level 7 in Fighting
  3010 | D:3      | Found a sparkling altar of Nemelex Xobeh.
  3043 | D:3      | Found a basalt altar of Yredelemnul.
  3120 | D:3      | Reached *** piety under Trog
  3517 | D:4      | Found a sand-covered staircase.
  3527 | Ossuary  | Entered an ossuary
  3593 | Ossuary  | Reached XP level 7. HP: 33/66 MP: 6/6
  3908 | Ossuary  | Reached skill level 5 in Armour
  3908 | Ossuary  | Reached skill level 1 in Shields
  4287 | D:4      | Found Vaiminot's Magic Scroll Shoppe.
  4490 | D:4      | Reached **** piety under Trog
  4539 | D:4      | Noticed Blork the orc
  4555 | D:4      | Killed Blork the orc
  4673 | D:4      | Found a staircase to the Ecumenical Temple.
  4722 | D:4      | Reached skill level 8 in Fighting
  4863 | D:4      | Found a shadowy altar of Dithmenos.
  4863 | D:4      | Found a hide-covered altar of Uskayaw.
  4868 | D:4      | Found a deep blue altar of Sif Muna.
  4870 | D:4      | Found a glowing silver altar of Zin.
  4871 | D:4      | Found a shimmering altar of Xom.
  5014 | D:5      | Entered Level 5 of the Dungeon
  5015 | D:5      | Found a runed gate.
  5094 | D:5      | Noticed Leszczynek's ghost (amateur DEMo)
  5096 | D:5      | Found a runed gate.
  5096 | D:5      | Found a runed gate.
  5114 | D:5      | Killed Leszczynek's ghost
  5114 | D:5      | Reached XP level 8. HP: 75/75 MP: 7/7
  5436 | D:5      | Reached skill level 9 in Fighting
  5778 | D:6      | Noticed a hornet
  5784 | D:6      | Paralysed by a hornet for 3 turns
  5792 | D:6      | Killed a hornet
  5793 | D:6      | HP: 5/117 [poisoned by a hornet]
  5796 | D:6      | HP: 1/78 [poisoned by a hornet]
  5797 | D:6      | Succumbed to a hornet's poison

Vault maps used:
D:1:      dpeg_arrival_boxes_within_box
D:2:      first_ration, kennysheep_generic_room_7
D:3:      lemuel_zombie_altar_yredelemnul, nemelex_xobeh_ov_fountains_minmay,
          ebering_ghost_sewer_d, st_stairs_12
D:4:      kennysheep_the_goblin_king, chequers_temple_overflow_minitemple,
          temple_statues, gup_ossuary_entry_pyramid, serial_shops, shop,
          uniq_blork_the_orc
D:5:      gammafunk_ghost_nasty_kobolds
D:6:      serial_shops, nicolae_shop_behind_doors, lightli_corner_chamber
Ossuary:  ossuary_due_small_catacomb

Skill      XL: |  1  2  3  4  5  6  7  8 |
---------------+-------------------------+-----
Fighting       | 4 5 6 7 8 9 |  9.5
Axes           | 4 5 6 7 |  7.2
Armour         | 3 4 5 6 |  6.5
Shields        | 2 4 |  4.2
Dodging        | |  2.2

Action                   |  1- 3 |  4- 6 |  7- 9 || total
-------------------------+-------+-------+-------++-------
Melee: Hand axe          |    83 |   131 |   206 ||   420
       Headbutt          |     6 |    24 |    51 ||    81
Invok: Berserk           |       |     1 |     3 ||     4
       Trog's Hand       |       |       |     1 ||     1
       Brothers in Arms  |       |       |     1 ||     1
  Use: Scroll            |       |     3 |       ||     3
  Eat: Ration            |     1 |       |     1 ||     2
       Chunk             |       |     6 |     6 ||    12
Armor: Animal skin       |    10 |       |       ||    10
       Ring mail         |    14 |    43 |    39 ||    96
       Chain mail        |       |       |    11 ||    11
Dodge: Dodged            |    59 |    53 |    61 ||   173
       Deflected         |       |     2 |     3 ||     5
Block: Shield            |       |    19 |    86 ||   105

Table legend:
 A = Spawn XP
 B = Non-spawn XP
 C = Spawn XP percentage of total XP
 D = Spawn monster count
 E = Non-spawn monster count
 F = Spawn count percentage of total count
 G = Total turns spent on level
                    A         B        C        D         E        F      G
               +---------+---------+-------+---------+---------+-------+---------
         Total |       0 |    2361 |   0.0 |       0 |     158 |   0.0 |  5797
               +---------+---------+-------+---------+---------+-------+---------
           D:1 |       0 |      31 |   0.0 |       0 |      20 |   0.0 |  1318
           D:2 |       0 |     163 |   0.0 |       0 |      21 |   0.0 |  1225
           D:3 |       0 |     496 |   0.0 |       0 |      37 |   0.0 |   949
           D:4 |       0 |     283 |   0.0 |       0 |      20 |   0.0 |   803
           D:5 |       0 |     888 |   0.0 |       0 |      28 |   0.0 |   751
           D:6 |       0 |     276 |   0.0 |       0 |       1 |   0.0 |    32
       Ossuary |       0 |     224 |   0.0 |       0 |      31 |   0.0 |   719
               +---------+---------+-------+---------+---------+-------+---------
